 Dungeon Crawl Stone Soup version 0.20.1-1-g8b1a95d (webtiles) character file.

53 letownia2 the Grave Robber (level 3, -11/28 HPs)
             Began as a Deep Dwarf Necromancer on Nov 13, 2017.
             Mangled by an ogre
             ... wielding a +0 giant club
              (27 damage)
             ... on level 5 of the Dungeon.
             The game lasted 00:06:07 (1259 turns).

letownia2 the Grave Robber (Deep Dwarf Necromancer) Turns: 1259, Time: 00:06:08

Health: -11/28     AC:  4    Str: 11    XL:     3   Next: 64%
Magic:  0/7        EV: 12    Int: 16    God:
Gold:   34         SH:  0    Dex: 13    Spells: 3/7 levels left

rFire    . . .     SeeInvis .   d - +0 dagger
rCold    . . .     Gourm    .   (no shield)
rNeg     . . .     Faith    .   k - +0 leather armour
rPois    .         Spirit   .   (no helmet)
rElec    .         Reflect  .   (no cloak)
rCorr    .         Harm     .   m - +0 pair of gloves
MR       .....                  (no boots)
Stlth    ++........             o - amulet of inaccuracy (curse)
Regen    0.0/turn               (no ring)
MPRegen  0.1/turn               (no ring)

@: very slightly contaminated, non-regenerating
A: damage resistance, heal wounds, sense surroundings 1, no regeneration
a: Heal Wounds


You were on level 5 of the Dungeon.
You were hungry.

You visited 1 branch of the dungeon, and saw 5 of its levels.

You collected 34 gold pieces.

Inventory:

Hand Weapons
 d - a +0 dagger (weapon)
Armour
 k - a +0 leather armour (worn)
 m - a +0 pair of gloves (worn)
Jewellery
 g - a +3 amulet of reflection
 o - a cursed amulet of inaccuracy (around neck)
Potions
 a - a potion of invisibility {unknown}
 e - 2 potions of degeneration
 l - 2 potions of haste {unknown}
Books
 b - a book of Necromancy

   Spells                             Type                      Level
   a - Pain                           Necromancy                   1
   b - Animate Skeleton               Necromancy                   1
   c - Vampiric Draining              Necromancy                   3
   d - Regeneration                   Charms/Necromancy            3
   e - Animate Dead                   Necromancy                   4
   f - Control Undead                 Necromancy                   4
Comestibles
 c - 2 bread rations
 f - a royal jelly
 h - 3 chunks of flesh


   Skills:
 + Level 0.0 Fighting
 - Level 2.1 Dodging
 - Level 2.4 Stealth
 - Level 2.7 Spellcasting
 - Level 5.2 Necromancy


You had 3 spell levels left.
You knew the following spells:

 Your Spells              Type           Power        Failure   Level  Hunger
a - Pain                  Necr           ###.         3%          1    #......
v - Vampiric Draining     Necr           ###.......   9%          3    ###....


Dungeon Overview and Level Annotations

Branches:
Dungeon (5/15)
 Temple: D:4-7

Altars:

Shops:
D:4 ![?:

Portals:
Ossuary: D:5

Annotations:
D:4 exclusion: goblin, Eustachio
D:5 Menkaure


Innate Abilities, Weirdness & Mutations

You are resistant to damage.
You can heal yourself by infusing magical energy.
You passively map a small area around you.
You do not regenerate.


Message History

Aim: an ogre, wielding a giant club (severely wounded)
You miscast Vampiric Draining.
You are very lightly contaminated with residual magic.
Nothing appears to happen.
The ogre barely misses you.
Unknown command.
Unknown command.
There is a stone staircase leading up here.
You closely miss the ogre.
The ogre is severely wounded.
The ogre barely misses you.
You hit the ogre but do no damage.
The ogre is severely wounded.
The ogre closely misses you.
You hit the ogre.
The ogre is almost dead.
You barely miss the ogre.
The ogre is almost dead.
The ogre hits you with a giant club!!
Ouch! That really hurt!
You die...

#........#
########.#
#.# #.# *
#.# * #.#
#.# #.# ###
#.# #@#
#.#######O#
** *
#.........#
,,
###########
** *


You could see an ogre.

Vanquished Creatures
  A worker ant (D:4)
  An adder (D:4)
  2 orcs
  2 giant cockroaches
  2 goblins
  3 hobgoblins
  3 jackals
  A frilled lizard (D:1)
  2 kobolds
  A rat (D:1)
18 creatures vanquished.

Notes
Turn   | Place    | Note
-------+----------+-------------------------------------------
     0 | D:1      | letownia2 the Deep Dwarf Necromancer began the quest for the Orb.
     0 | D:1      | Reached XP level 1. HP: 15/15 MP: 3/3
   314 | D:2      | Reached XP level 2. HP: 13/22 MP: 1/5
   424 | D:4      | Found Meimyimput's Antique Armour Shoppe.
   424 | D:4      | Noticed Eustachio
   439 | D:4      | Found Elaub's Distillery.
   532 | D:4      | Reached skill level 5 in Necromancy
   532 | D:4      | Reached XP level 3. HP: 16/28 MP: 1/6
   540 | D:4      | Learned a level 3 spell: Vampiric Draining
   885 | D:4      | Found Peemed's Book Shoppe.
   975 | D:4      | Found Arho's Magic Scroll Shop.
  1040 | D:3      | Noticed a phantom
  1094 | D:5      | Entered Level 5 of the Dungeon
  1165 | D:5      | Found a sand-covered staircase.
  1166 | D:5      | Noticed Menkaure
  1203 | D:5      | Noticed an ogre
  1259 | D:5      | Mangled by an ogre

Skill      XL: |  1  2 |
---------------+-------+-----
Spellcasting   | 2 |  2.7
Necromancy     | 5 |  5.2
Dodging        | |  2.1
Stealth        | |  2.4

Action                   || total
-------------------------++-------
Melee: Dagger            ||     9
 Cast: Pain              ||    36
       Vampiric Draining ||     9
  Use: Scroll            ||     3
  Eat: Chunk             ||     2
Armor: Leather armour    ||    15
Dodge: Dodged            ||    50
Block: Other             ||     1
